Map: Ephemeron LE

Players

TheMusZero - Winner!

  • Race: Protoss Protoss
  • League: Grandmaster
  • Spawn Location: 11:00

Blask

  • Race: Protoss Protoss
  • Spawn Location: 5:00

Event: NationWars 2019

VOD

Have the link to the VOD?

Description

Time

  • Played on: Nov. 14, 2019, 1:50 p.m.
  • Length: 5:24
Show
View Real Time Build Order
Export as new Build Order

TheMusZero Protoss - Winner!

Build Orders:  

Get SALT Encoding   

  12  0:00  Probe (Chrono Boost)  
  13  0:10  Probe (Chrono Boost)  
  14  0:17  Pylon  
  14  0:21  Probe  
  15  0:35  Probe  
  16  0:40  Forge  
  16  0:51  Pylon  
  16  0:59  Pylon  
  16  1:01  Pylon  
  16  1:11  Pylon  
  16  1:15  Photon Cannon  
  16  1:16  Pylon  
  16  1:20  Pylon  
  15  1:38  Probe  
  16  1:48  Photon Cannon  
  15  1:54  Probe (Chrono Boost)  
  16  2:03  Gateway  
  16  2:06  Probe (Chrono Boost)  
  17  2:11  Probe (Chrono Boost)  
  18  2:20  Photon Cannon  
  18  2:26  Photon Cannon  
  18  2:29  Photon Cannon  
  18  2:34  Probe  
  19  2:42  Assimilator  
  19  2:43  Assimilator  
  19  2:54  Photon Cannon  
  19  2:55  Photon Cannon  
  19  3:06  Photon Cannon  
  19  3:14  Cybernetics Core  
  19  3:18  Photon Cannon  
  19  3:29  Photon Cannon  
  19  3:48  Probe  
  20  3:52  Shield Battery  
  20  3:55  Stargate  
  20  4:09  Shield Battery  
  20  4:15  Photon Cannon  
  20  4:25  Shield Battery  
  21  4:39  Void Ray (Chrono Boost)  
  24  4:58  Probe  
Show
View Real Time Build Order
Export as new Build Order

Blask Protoss 

Build Orders:  

Get SALT Encoding   

  12  0:00  Probe  
  13  0:12  Probe  
  14  0:17  Pylon  
  14  0:25  Probe (Chrono Boost)  
  15  0:37  Probe (Chrono Boost), Gateway  
  16  0:44  Probe (Chrono Boost)  
  16  0:46  Assimilator  
  17  0:51  Probe  
  18  0:59  Pylon  
  17  1:15  Probe  
  18  1:24  Zealot (Chrono Boost)  
  20  1:34  Cybernetics Core  
  21  2:00  Pylon  
  21  2:02  Probe  
  21  2:07  Stalker (Chrono Boost)  
  22  2:25  Probe  
  22  2:30  Shield Battery  
  24  2:43  Probe  
  25  2:55  Robotics Facility  
  25  2:57  Probe  
  24  2:58  Assimilator  
  22  3:17  Probe  
  22  3:23  Shield Battery  
  20  3:40  Immortal (Chrono Boost)  
  20  3:48  Pylon  
  19  4:11  Immortal (Chrono Boost)  
  20  4:42  Warp Prism (Chrono Boost)  
Tags
 
Add a new tag
Caveats
  • Supply blocks, unpowered buildings, or Contaminate may cause inaccurate times.
  • Supply counts are checked every 10 seconds.